 BcadrenCrawl: Boulder Brew version 0.06-743-gf74c4cb60f (webtiles) character file.

Game seed: 8120226649007879969

786875 xeno23 the Imperceptible (level 27, -4/182 HPs) Spriggan Enchanter. Began on Feb 13, 2023. Was the Champion of Dithmenos. Slain by a Vetrifl ... wielding a +0 falchion (18 damage) ... in Pandemonium on Feb 15, 2023. The game lasted 13:52:05 (64281 turns).

xeno23 the Imperceptible (Spriggan Enchanter)      Turns: 64281, Time: 13:52:05

Health: -4/182     AC: 15    Str:  7 (14) XL:     27
Magic:  38/44      EV: 49    Int: 28 (31) God:    Dithmenos [6* [163]]
Gold:   5550       SH:  0    Dex: 26 (31) Spells: 11/59 levels left

rFire    + + +     Slash    x   a - +9 rapier (elec)
rCold    + . .     Pierce   .   c - +9 demon blade (elec)
rNeg     + + .     Bludgeon .   t - +4 robe of Augmentation {Str+4 Int+4 Dex+4}
rCorr    + . .     Vision   +   U - +2 hat {Int+3}
rPois    .         Gourm    .   O - +2 cloak {Stlth+}
rElec    .         Faith    .   (gloves unavailable)
MR       +++..     Spirit   .   (boots unavailable)
HPRegen  1.50/turn Reflect  .   Q - amulet "Dagohep" {rF+ Regen+ Str+3}
MPRegen  0.54/turn Harm     .   w - ring "Fynkick" {rC+ rN++ MR- Int+5}
Stlth    ++++++++++             u - ring "Cuos" {rF++ Dex-4 Slay+6 Stlth+}

@: sap magic, wreathed by umbra, studying 3 skills, very magic sapped, deflect
missiles, very quick
A: very small, unfitting armour, claws 1, hooves, horns 1, icy blue scales, see
invisible, blink, deterioration, herbivore, speed 3, regeneration 1, slow
metabolism 2, STR -4, DEX +11, cold vulnerability 1, acid resistance, soft flesh
}: 8/15 runes: decaying, serpentine, silver, demonic, glowing, fiery, dark,
cracked
a: Blink, Shadow Step, Shadow Form, Renounce Religion


You were in Pandemonium.
You worshipped Dithmenos.
Dithmenos was exalted by your worship.
You were near starving.

You visited 11 branches of the dungeon, and saw 44 of its levels.
You visited Pandemonium 1 time, and saw 13 of its levels.
You visited 1 ziggurat, and saw 10 of its levels.
You also visited: Trove, Gauntlet and Ice Cave.

You collected 8557 gold pieces.
You spent 3007 gold pieces at shops.

Inventory:

Weapons
 a - a +9 rapier of electrocution (weapon)
 c - a +9 demon blade of electrocution (weapon)
 d - a +1 demon blade of molten steel
 h - a +2 demon blade of electrocution Shields
 b - the +3 sai of Wovoteps {pierce, -Vis +Inv rN++ Int+4}
   (You bought it in a shop on level 5 of the Dungeon)

   Base shield rating: 3 Skill to remove penalty: 4.5 It affects your
   intelligence (+4).
   It greatly protects you from negative energy.
   It blurs your vision.
   It lets you turn invisible.
Armour
 t - the +4 robe of Augmentation (worn) {Str+4 Int+4 Dex+4}
   (You found it in a treasure trove)

   It affects your strength (+4).
   It affects your intelligence (+4).
   It affects your dexterity (+4).
 y - the +4 moon troll leather {Spirit, Regen++ MP+5}
   (You found it on level 5 of a ziggurat)

   It affects your magic capacity (+5).
   It increases your rate of regeneration.
 O - a +2 cloak of stealth (worn)
 U - a +2 hat of intelligence (worn)
Jewellery
 u - the ring "Cuos" (right claw) {rF++ Dex-4 Slay+6 Stlth+}
   (You took it off an ironbrand convoker on level 5 of the Vaults)

   [ring of stealth]

   It affects your dexterity (-4).
   It affects your accuracy and damage with ranged weapons and melee attacks
   (+6).
   It greatly protects you from fire.
   It makes you more stealthy.
 w - the ring "Fynkick" (left claw) {rC+ rN++ MR- Int+5}
   (You took it off a deep elf mage on level 3 of the Elven Halls)

   [ring of intelligence]

   It affects your intelligence (+5).
   It protects you from cold.
   It greatly protects you from negative energy.
   It affects your resistance to hostile enchantments.
 x - the ring "Weviduem" {Fire *Corrode rElec Dex+3 Slay+4}
   (You took it off a spriggan berserker on level 1 of the Depths)

   [ring of fire]

   It enhances your fire magic.
   It affects your dexterity (+3).
   It affects your accuracy and damage with ranged weapons and melee attacks
   (+4).
   It protects you from fire.
   It makes you vulnerable to cold.
   It insulates you from electricity.
   It may corrode you when you take damage.
 B - the ring of the Endless Expanse {rPois MR+}
   (You took it off an orc warrior on level 4 of the Dungeon)

   [ring of poison resistance]

   It protects you from poison.
   It affects your resistance to hostile enchantments.
 K - the ring "Lofothepea" {rF++ rC+ AC+5}
   (You took it off a vault warden on level 3 of the Vaults)

   [ring of protection]

   It affects your AC (+5).
   It greatly protects you from fire.
   It protects you from cold.
 Q - the amulet "Dagohep" (around neck) {rF+ Regen+ Str+3}
   (You took it off a deep elf high priest on level 3 of the Elven Halls)

   [amulet of regeneration]

   It affects your strength (+3).
   It protects you from fire.
   It increases your rate of regeneration.
 S - the ring of Gites {rC+ Str+5 Dex-2 Stlth+}
   (You found it on level 8 of a ziggurat)

   [ring of stealth]

   It affects your strength (+5).
   It affects your dexterity (-2).
   It protects you from cold.
   It makes you more stealthy.
Wands
 g - a wand of healing (8)
 o - a wand of clouds (25)
 s - a wand of hasting (32)
 v - a wand of disintegration (57)
 A - a wand of ensnaring (35)
 E - a wand of scattershot (9)
 P - a wand of acid (65)
 W - a wand of enslavement (24)
 Z - a wand of iceblast (94)
Scrolls
 e - 14 scrolls of magic mapping
 f - 16 scrolls of fog
 i - 5 scrolls of enchantment
 j - 6 scrolls of summoning
 k - 25 scrolls of teleportation
 m - 7 scrolls of holy word
 r - 2 scrolls of torment
 H - 10 scrolls of vulnerability
 I - 5 scrolls of silence
 M - 4 scrolls of fear
 X - 8 scrolls of blinking
 Y - 5 scrolls of bless item
Potions
 l - 3 potions of cancellation
 n - 8 potions of ambrosia
 p - 7 potions of agility
 C - 8 potions of magic
 F - 7 potions of amnesia
 G - 21 potions of heal wounds
 J - 11 potions of brilliance
 L - 6 potions of might
 N - 6 potions of haste
 T - 6 potions of resistance
 V - 34 potions of curing
Miscellaneous
 z - 8 boxes of beasts
Comestibles
 q - 55 rations


   Skills:
 - Level 12.0 Fighting
 - Level 19.7(22.7) Short Blades
 + Level 16.3(18.6) Long Blades
 - Level 8.8 Armour
 - Level 23.4 Dodging
 - Level 26.2 Stealth
 - Level 16.9 Spellcasting
 - Level 21.7 Hexes
 - Level 15.0 Charms
 - Level 5.0 Summonings
 - Level 7.5 Necromancy
 - Level 10.0 Translocations
 - Level 5.0 Air Magic
 - Level 12.5 Invocations
 - Level 10.7 Evocations


You had 11 spell levels left.
You knew the following spells:

 Your Spells              Type           Power        Failure   Level  Hunger
a - Confuse               Hex            98 (100)     6%          3    0
b - Invisibility Chrm 82 (100) 19% 6 0-186 c - Tukima's Dance Hex            98 (100)     6%          3    0
d - Fulminant Prism       Hex            98 (200)     6%          4    0
e - Regeneration          Chrm/Necr      72 (200)     10%         3    0
f - Summon Butterflies    Summ           51 (100)     14%         1    0
g - Passage of Golubria   Tloc           N/A          14%         4    0
h - Passwall              Tmut/Erth      23 (120)     34%         2    0
q - Spectral Weapon       Chrm/Summ      68 (100)     11%         3    0
r - Deflect Missiles Chrm/Air 68 (200) 41% 6 0-186 s - Sublimation of Blood Necr           60 (200)     12%         2    0
v - Apportation           Tloc           50 (50)      11%         3    0
x - Discord               Hex            98 (200)     26%         8    206-546

Your spell library contained the following spells:

 Spells                   Type           Power        Failure   Level  Hunger
 Confusing Touch          Hex            50 (50)      6%          1    0
 Infusion                 Chrm           25 (25)      6%          1    0
 Pain                     Hex/Necr       25 (25)      6%          1    0
 Slow                     Hex            98 (100)     6%          1    0
 Projected Noise          Hex/Tloc       85 (100)     6%          2    0
 Song of Slaying          Chrm           82 (100)     6%          2    0
 Cause Fear               Hex            98 (200)     6%          4    0
 Magic Candle             Hex/Fire       71 (90)      7%          1    0
 Shroud of Golubria       Chrm/Tloc      76 (200)     7%          2    0
 Ensorcelled Hibernation  Hex/Ice        50 (50)      8%          2    0
 Portal Projectile        Chrm/Tloc      50 (50)      8%          3    0
 Swiftness                Chrm/Air       68 (100)     9%          2    0
 Darkness Hex 98 (200) 9% 6 0-186 Blinding Spray Hex/Pois       50 (50)      10%         3    0
 Inner Flame              Hex/Fire       71 (100)     10%         3    0
 Pryten's Skeletal Upris  Chrm/Necr      72 (200)     10%         3    0
 Snakes to Sticks         Hex/Tmut       71 (100)     10%         3    0
 Gell's Gravitas          Tloc           68 (200)     11%         3    0
 Still Winds              Hex/Air        78 (200)     11%         4    0
 Silence Hex/Air 78 (200) 13% 5 0-6 Shock Air            25 (25)      14%         1    0
 Summon Small Mammal      Summ           25 (25)      14%         1    0
 Vampiric Draining        Necr           60 (200)     14%         3    0
 Call Imp                 Summ           51 (100)     16%         2    0
 Excruciating Wounds Chrm/Necr 72 (200) 17% 5 0-6 Poisonous Vapours Pois/Air       37 (50)      19%         1    0
 Corpse Rot               Tmut/Necr      N/A          19%         2    0
 Static Discharge         Air            51 (100)     19%         3    0
 Yara's Violent Unravell Hex/Tmut 71 (200) 19% 5 0-6 Call Canine Familiar Summ           51 (100)     21%         3    0
 Animate Dead             Necr           N/A          21%         4    0
 Beastly Appendage        Tmut           23 (50)      28%         1    0
 Flame Tongue             Fire           23 (30)      28%         1    0
 Foxfire                  Fire           23 (25)      28%         1    0
 Mephitic Cloud           Pois/Air       37 (100)     30%         3    0
 Airstrike                Air            51 (200)     32%         4    0
 Bolt of Draining Necr 60 (200) 32% 5 0-6 Iskenderun's Battlesphe Chrm/Erth 60 (100) 32% 5 0-6 Searing Ray Fire           23 (50)      34%         2    0
 Sticks to Snakes         Tmut           23 (100)     34%         2    0
 Sting                    Pois           23 (25)      34%         2    0
 Conjure Flame            Fire           23 (100)     45%         3    0
 Ignite Poison            Fire/Tmut      23 (100)     45%         3    0
 Scorpion Form            Tmut/Pois      23 (200)     45%         3    0
 Stone Arrow              Erth           23 (50)      45%         3    0
 Summon Ice Beast         Ice/Summ       37 (100)     47%         4    0
 Lightning Bolt Air 51 (200) 47% 5 0-6 Summon Lightning Spire Summ/Air 51 (100) 47% 5 0-6 Ring of Flames Chrm/Fire 60 (200) 63% 6 0-186 Ice Form Ice/Tmut       23 (100)     71%         4    0
 Leda's Liquefaction      Tmut/Erth      23 (200)     71%         4    0
 Olgreb's Toxic Radiance  Pois           23 (100)     71%         4    0
 Petrify                  Tmut/Erth      23 (100)     71%         4    0
 Sticky Flame             Fire/Pois      23 (100)     71%         4    0
 Throw Icicle             Ice            23 (100)     71%         4    0
 Summon Forest Summ/Erth 37 (200) 71% 5 0-6 Summon Spider Mount Summ/Pois 37 (200) 71% 5 0-6 Conjure Ball Lightning Air 51 (200) 85% 6 0-186 Summon Hydra Mount Summ 51 (200) 85% 6 0-186 Blade Hands Tmut 23 (200) 91% 5 0-6 Bolt of Magma Fire/Erth 23 (200) 91% 5 0-6 Fireball Fire 23 (200) 91% 5 0-6 Lee's Rapid Deconstruct Erth 23 (200) 91% 5 0-6 Methodical Deconstructi Erth 23 (200) 91% 5 0-6 Simulacrum Ice/Necr 44 (200) 93% 6 0-186 Freezing Cloud Ice/Air 37 (200) 98% 6 0-186 Spellforged Servitor Summ 51 (200) 99% 7 86-366 Eringya's Noxious Bog Tmut/Pois 23 (200) 100% 6 0-186 Iron Shot Erth 23 (200) 100% 6 0-186 Iskenderun's Icy Sphere Ice 23 (200) 100% 7 86-366 Tornado Air            51 (200)     100%        9    326-726


Dungeon Overview and Level Annotations

Branches:
Dungeon (8/8)              Temple (1/1) D:4            Lair (6/6) D:5
  Swamp (4/4) Lair:3        Snake (4/4) Lair:3        Slime (5/5) Lair:6
    Orc (2/2) D:6             Elf (3/3) Orc:2        Vaults (5/5) D:7
  Crypt (0/3) Vaults:2     Depths (5/5) D:8             Zot (1/5) Depths:5
  IceCv (visited)         Gauntlet (visited)

Altars:
Ashenzari
Cheibriados
Dithmenos
Elyvilon
Gozag Ym Sagoz
Hepliaklqana
Kikubaaqudgha
Makhleb
Nemelex Xobeh
Okawaru
Qazlal
Ru
Sif Muna
Trog
Uskayaw
Vehumet
Wu Jian
Xom
Zin
The Shining One
Beogh
Jiyva
Lugonu

Shops:
D:5 *([   D:6 *   D:7 :   Orc:2 [*?**   Elf:3 }   Vaults:1 [

Portals:
Hell: Depths:1 Depths:2 Depths:3 Depths:4 Depths:5
Abyss: Depths:2 Depths:3 Depths:4
Pandemonium: Depths:3


Innate Abilities, Weirdness & Mutations

You are very small and have problems with some larger weapons.
You are too small for most types of armour.
You have supernaturally acute eyesight. (+Vis)
You are a herbivore.
You cover ground extremely quickly.
You need to consume almost no food.
Your soft flesh is weak to deep cuts.
Heavy manmade armour will nullify this weakness. (rSlashing-)
You have sharp fingernails. (+3 Unarmed)
You have hooves in place of feet.
You have a pair of horns on your head.
You are covered in icy blue scales. (rC+, AC +3)
You can translocate small distances at will.
Your body often falls apart upon taking damage.
You heal very quickly.
You are very weak and extremely agile. (STR -4, DEX +11)
You are vulnerable to cold. (rC-)
You are resistant to acid. (rCorr)


Message History

The Vetrifl claws you (32)!!
You are lacerated severely!
Your body deteriorates!
You feel clumsy. The Vetrifl freezes you (23)!! You resist.
* * * LOW HITPOINT WARNING * * *
Your body deteriorates!
You feel clumsy.
You take 54 damage.
You feel much better.
You drop the empty bottle.
The Vetrifl claws you (3).
You are lacerated severely!
The Vetrifl freezes you (19)!! You resist.
* * * LOW HITPOINT WARNING * * *
Your body deteriorates!
You feel weakened. The Vetrifl claws you (18)!!
You are lacerated severely!
* * * LOW HITPOINT WARNING * * *
Your body deteriorates!
You feel dopey. The Vetrifl freezes you (11)! You resist.
* * * LOW HITPOINT WARNING * * *
Your body deteriorates!
You feel clumsy. The Vetrifl barely misses you. The Vetrifl claws you (18)!!
You are lacerated severely!
You die...

#.)##.?.# ......####
#.#....# ..........#
#....... ..........#
####...... $.........#
##..##.....
........###.$# #^....
...##......# #.....
#.().....#..###.....
#.1@...............#
##.##......##.......
... #)[...∩##.......
..##.........##......#
..#
###...............# .
##########.......
#..[..## #.....#
#.....#


You could see a Vetrifl (fast) and a friendly spectral +9 rapier of
electrocution.

Vanquished Creatures
  Gloorx Vloq (Pan)
  Mnoleg (Pan)
  2 ancient liches
  Mara (Snake:3)
  Sojobo (Depths:2)
  2 pandemonium lords (Pan)
  Boris (thrice) (Depths:3 Depths:4 Depths:5)
  Vashnia (Snake:2)
  2 golden dragons
  A golden dragon (shapeshifter) (Vaults:5)
  Nikola (Snake:2)
  Jory (Depths:3)
  3 Rhuddgochion (Pan)
  3 caustic shrikes (Zot:1)
  6 liches
  7 titans
  Rupert (D:6)
  A hellephant (Depths:4)
  A quicksilver dragon (Depths:4)
  2 juggernauts
  Asterion (Depths:2)
  2 Cacodemons (Pan)
  11 Oxarmordthar (Pan)
  14 acid blobs
  Frances (Snake:1)
  4 shadow dragons
  the Royal Jelly (Slime:5)
  3 storm dragons (Vaults:5)
  3 iron dragons
  Circe (D:8)
  6 sphinxes
  9 tengu reavers
  3 thorn hunters
  Agnes (Snake:1)
  17 nagarajas
  17 vault wardens
  A bone dragon (Depths:5)
  A corrupter (Pan)
  3 orc warlords
  8 fire giants
  Louise (D:7)
  A draconian shifter (Depths:5)
  8 titivili (Pan)
  9 deep elf sorcerers
  Aizul (Snake:1)
  3 frost giants
  5 warmongers (Pan)
  A platinum draconian (Zot:1)
  17 ironheart preservers
  12 balrugion
  A draconian sharpshooter (Depths:5)
  The ghost of Ciageutz the Thaumaturge, a journeyman GnWz of Sif Muna (Snake:3)
  3 deep elf elementalists (Elf:3)
  A draconian annihilator (Depths:5)
  2 deep elf master archers (Elf:3)
  A blood saint (Pan)
  3 black suns (Pan)
  A golden draconian (Depths:5)
  A scintillating draconian (Zot:1)
  2 deep elf blademasters (Elf:3)
  3 entropy weavers
  2 blood draconians (Depths:5)
  A pearl draconian (Zot:1)
  2 reapers
  3 vampire knights
  13 deep elf demonologists
  A white draconian (Depths:5)
  A purple draconian (Zot:1)
  A turquoise draconian (Depths:5)
  10 tentacled monstrosities
  A lime draconian (Depths:5)
  Maalik (D:6)
  12 deep elf annihilators
  An eidolon (Vaults:2)
  13 fire dragons
  3 gwyrddion
  5 spark wasps (Depths:2)
  8 deep elf death magi
  4 crystal guardians (Depths:1)
  5 chaos butterflies
  3 verdant moulds
  A cenysus (Pan)
  12 ice dragons
  9 deep troll shamans
  18 naga warriors
  2 death knights
  4 spriggan air magi
  18 great orbs of eyes
  3 gibbering mounds
  A jiangshi (Vaults:2)
  6 boulder beetles
  A helvityr (Pan)
  2 sphinx moths
  7 rakshasas
  8 deep troll earth magi
  Gammafunk (Lair:3)
  18 very ugly things
  5 vampire magi
  2 lorocyprocas
  4 ghost crabs
  A minotaur (Gauntlet)
  30 stone giants
  13 ogre magi
  9 spriggan berserkers
  5 deep elf high priests
  2 catoblepae
  6 ceiling crawlers
  9 saelneytandis
  32 naga sharpshooters
  Urug (D:6)
  21 dire elephants
  2 death oozes
  24 alligators
  A stone giant (shapeshifter) (Depths:5)
  14 ettins
  2 swooping magpies (shapeshifter)
  A spriggan defender (Depths:4)
  10 hell knights
  4 swooping magpies
  4 unseen horrors
  The ghost of Jeban the Spear-Bearer, a journeyman OpFi of Gozag Ym Sagoz (Lair:5)
  22 yaktaur captains
  7 shock serpents
  17 deep elf knights
  A monstrous demonspawn (Pan)
  3 orc high priests (Orc:2)
  31 vault guards
  A shock serpent (shapeshifter) (Vaults:5)
  A silver star (Zig:8)
  A cysgodol (Pan)
  17 anacondas
  8 salamander mystics
  41 two-headed ogres
  The ghost of t4s4d4r the Martial Artist, a journeyman OpDs of Gozag Ym Sagoz (D:6)
  5 tengu warriors
  15 swamp dragons
  5 phantasmal warriors
  8 shadow wraiths
  A spriggan druid (Swamp:2)
  15 deep elf archers
  7 large abominations (Pan)
  19 ironbrand convokers
  3 wizards
  32 hydras
  A death drake (Zig:2)
  4 skeletal warriors (Vaults:2)
  2 obsidian statues (Zig:10)
  7 naga ritualists
  2 flayed ghosts
  5 glowing orange brains
  22 dancing weapons
  18 orc knights
  29 deep trolls
  11 centaur warriors
  2 orange crystal statues
  32 sturnulos
  8 necromancers
  3 sixfirhies (Pan)
  3 shambling mangroves (Swamp:2)
  3 gelid demonspawn (Pan)
  A torturous demonspawn (Pan)
  3 guardian serpents
  A queen ant (Gauntlet)
  5 infernal demonspawn (Pan)
  4 rock worms
  2 torpor snails
  A manticore (D:8)
  8 death yaks
  67 deep elf magi
  3 orb spiders (Zig:5)
  12 orc sorcerers
  2 sea snakes (Snake:2)
  24 salamanders
  3 oklob plants (Lair:4)
  7 shining eyes
  A worldbinder (Gauntlet)
  31 naga magi
  2 ice statues
  2 taeringar
  A spatial maelstrom (Zig:8)
  15 vault sentinels
  2 iron trolls (Depths:4)
  A black mamba (shapeshifter) (Depths:2)
  4 eyes of devastation
  4 gargoyles
  51 ugly things
  8 moths of wrath (Zot:1)
  11 mana vipers
  33 black mambas
  2 hellions (Pan)
  A mygdarth (Pan)
  3 vlerke
  3 nychdodion (Pan)
  16 freezing wraiths
  15 elephants
  A yaktaur (shapeshifter) (Depths:1)
  2 rime drakes
  2 pain elementals (Elf:1)
  30 giraffes
  2 elephants (shapeshifter)
  3 efreet
  10 wolf spiders
  16 trolls
  51 yaktaurs
  A poenydio (Pan)
  A rot elemental (Elf:3)
  A merfolk (D:4)
  2 kobold demonologists (D:8)
  A human zombie (Vaults:2)
  A meliai (shapeshifter) (Vaults:1)
  9 tyrant leeches
  3 tengu conjurers
  9 cythreuliaid
  8 komodo dragons
  2 human skeletons (Vaults:2)
  13 bog bodies
  A demonic crawler (Zig:5)
  2 polar bears
  19 hornets
  7 ynoxinuls (Pan)
  8 dream sheep
  A frost giant skeleton (Vaults:2)
  2 fire giant skeletons (Vaults:2)
  6 wraiths
  A yaktaur zombie (Vaults:2)
  A dire elephant skeleton (Pan)
  12 neqoxecar
  18 spiny frogs
  A vampire (D:7)
  A yaktaur skeleton (Vaults:2)
  9 spriggans
  2 cyclopes
  6 water elementals
  20 yaks
  A tengu simulacrum (Vaults:2)
  A war dog (D:5)
  2 shadows
  3 chaos elementals
  Grum (D:5)
  2 acid dragons
  A wyvern (D:6)
  A slime creature (shapeshifter) (Vaults:5)
  3 basilisks
  4 fire elementals
  13 golden eyes
  An ettin skeleton (Vaults:2)
  2 tarantellas
  52 nagas
  11 vampire mosquitoes
  2 fire dragon skeletons (Pan)
  2 hungry ghosts
  9 wargs
  2 bone scorpions (D:5)
  34 swamp worms
  2 human simulacra
  74 slime creatures
  3 wolf spider zombies
  2 death yak simulacra (IceCv)
  5 soldier ants (Gauntlet)
  4 hell hounds (D:6)
  45 orc warriors
  17 insubstantial wisps
  18 water moccasins
  A floating eye (Depths:3)
  A necrophage (D:5)
  2 scorpions
  A scorpion (shapeshifter) (Vaults:4)
  2 sky beasts (D:6)
  A small abomination (Vaults:5)
  10 porcupines
  An ettin simulacrum (Vaults:3)
  An alligator simulacrum (IceCv)
  7 ice beasts
  17 swamp drakes
  A black bear (Lair:5)
  6 eyes of draining
  48 ogres
  A redback zombie (D:7)
  29 wolves
  13 boggarts
  A wolf spider simulacrum (D:7)
  16 crocodiles
  A rock worm zombie (D:6)
  4 big kobolds
  2 gnoll sergeants (D:5)
  2 meliai zombies (D:6)
  A blink frog (shapeshifter) (D:8)
  30 blink frogs
  10 centaurs
  6 draconian simulacra (IceCv)
  2 harpy skeletons (D:7)
  A quasit (Depths:3)
  10 wights
  3 hornet zombies
  A polar bear simulacrum (IceCv)
  6 troll simulacra (IceCv)
  A spriggan simulacrum (IceCv)
  An electric eel (Lair:1)
  11 jellies
  17 orc priests
  8 hounds
  22 orc wizards
  3 gnoll shamans (D:5)
  6 iguanas
  4 hell rats (Lair:2)
  5 worker ants
  A wyvern zombie (D:4)
  2 naga simulacra (IceCv)
  An ogre simulacrum (IceCv)
  9 giant cockroaches
  A boggart zombie (D:4)
  2 boggart skeletons (D:7)
  6 cysgobwcod
  6 adders
  17 gnolls (D:5)
  13 gwybwcod
  48 sewer rats
  4 centaur simulacra (IceCv)
  4 worms
  6 cinder newts
  12 bullfrogs
  An ufetubus (Depths:3)
  A hound skeleton (D:5)
  7 oozes
  A dart slug (D:1)
  A leopard gecko (D:2)
  106 orcs
  6 adder skeletons
  An adder zombie (D:5)
  4 goblins (D:1)
  4 hobgoblins (D:1)
  26 jackals
  13 kobolds
  6 quokkas
  4 ball pythons
  A ball python zombie (D:4)
  6 bats (D:1)
  2 kobold skeletons
  A leopard gecko skeleton (D:3)
  3 rats
  A butterfly (D:5)
  4 crawling corpses
  A fulminant prism (Orc:2)
  9 fungi
  A giant blowfly (Depths:3)
  A nameless horror (Lair:3)
  15 plants
  A spectral weapon (Zig:10)
  A withered plant (D:2)
2669 creatures vanquished.

Vanquished Creatures (collateral kills)
  2 acid blobs (Slime:5)
  A storm dragon (Depths:2)
  A black sun (Pan)
  A vampire knight (Depths:5)
  A stone giant (Depths:2)
  A spriggan berserker (Depths:1)
  A yaktaur captain (Zig:6)
  A dire elephant (Depths:4)
  2 shock serpents (Zig:10)
  An anaconda (Zig:7)
  A naga ritualist (Zig:10)
  An ironbrand convoker (Zig:6)
  2 deep trolls (Depths:2)
  A gelid demonspawn (Pan)
  2 guardian serpents (Zig:7)
  A torturous demonspawn (Pan)
  2 naga magi
  3 black mambas (Zig:10)
  2 mana vipers (Zig:7)
  An ugly thing (Depths:4)
  A yaktaur (Depths:2)
  A hornet (Depths:4)
  A spriggan (Depths:4)
  2 nagas (Zig:7)
  6 slime creatures (Depths:4)
  A guardian mummy (D:6)
  A hell hound (D:6)
  An orc wizard (Orc:2)
  An orc (Orc:2)
  3 death oozes (Slime:5)
  A pillar of salt (Slime:5)
47 creatures vanquished.

Vanquished Creatures (others)
  A lich (Zig:8)
  A sphinx (Depths:4)
  2 blood saints (Pan)
  A chaos butterfly (Zig:6)
  A naga sharpshooter (Zig:7)
  A deep troll (Depths:2)
  A hell knight (Depths:1)
  A shadow wraith (Vaults:2)
  2 naga ritualists
  2 sixfirhies (Pan)
  A large abomination (Pan)
  A deep elf mage (Elf:1)
  A gelid demonspawn (Pan)
  5 yaktaurs
  2 chaos elementals
  A spiny frog (Swamp:3)
  A yak (Lair:6)
  3 humans (D:8)
  A naga (Zig:10)
  A slime creature (Depths:2)
  An orc warrior (Vaults:2)
  A centaur (Depths:3)
  A giant cockroach (D:2)
  A sewer rat (D:2)
  5 orcs
  A hobgoblin skeleton (D:2)
  An azure jelly (Slime:5)
  A bush (Lair:6)
  7 butterflies (Vaults:5)
  A dancing weapon (Depths:2)
  46 fulminant prisms
  54 fungi
  32 giant blowflies
  7 pillars of salt
  29 plants
  11 rainbow trout
  4 slimeheads (D:2)
  35 spectral weapons
  86 withered plants (D:2)
354 creatures vanquished.

Grand Total: 3070 creatures vanquished

Notes
Turn   | Place    | Note
-------+----------+-------------------------------------------
     0 | D:1      | xeno23 the Spriggan Enchanter began the quest for the Orb.
     0 | D:1      | Reached XP level 1. HP: 18/18 MP: 5/5
    11 | D:1      | Learned a level 3 spell: Confuse
   116 | D:1      | Found a shattered altar of Ashenzari.
   136 | D:1      | Reached XP level 2. HP: 25/25 MP: 2/6
   333 | D:1      | Reached XP level 3. HP: 30/31 MP: 1/8
   642 | D:1      | Learned a level 3 spell: Tukima's Dance
  1197 | D:1      | Reached skill level 5 in Stealth
  1197 | D:1      | Reached XP level 4. HP: 32/37 MP: 9/9
  1446 | D:2      | Reached XP level 5. HP: 39/44 MP: 4/11
  1605 | D:2      | Reached skill level 5 in Hexes
  1826 | D:2      | Reached XP level 6. HP: 24/50 MP: 1/12
  1877 | D:2      | Gained mutation: You have a pair of horns on your head.
                  | [potion of mutation]
  1877 | D:2      | Gained mutation: You are resistant to acid. (rCorr) [potion
                  | of mutation]
  1877 | D:2      | Gained mutation: You are very weak and extremely agile.
                  | (STR -4, DEX +11) [potion of mutation]
  1999 | D:2      | Found a hazy altar of Hepliaklqana.
  2150 | D:3      | Reached skill level 5 in Dodging
  2150 | D:3      | Reached skill level 6 in Stealth
  2170 | D:3      | Reached XP level 7. HP: 56/56 MP: 14/14
  2178 | D:3      | Found an ancient bone altar of Kikubaaqudgha.
  2304 | D:4      | Found a burning altar of Makhleb.
  2880 | D:2      | Reached skill level 5 in Short Blades
  3409 | D:4      | Identified the ring of the Endless Expanse {rPois MR+}
  3496 | D:4      | Found a staircase to the Ecumenical Temple.
  3526 | Temple   | Entered the Ecumenical Temple
  3605 | Temple   | Became a worshipper of Dithmenos the Shadowed
  3673 | D:4      | Reached skill level 7 in Stealth
  3673 | D:4      | Reached XP level 8. HP: 54/63 MP: 7/16
  3905 | D:4      | Noticed a troll
  3923 | D:4      | Reached skill level 5 in Spellcasting
  4049 | D:4      | Noticed a merfolk
  4082 | D:4      | Killed a troll
  4366 | D:4      | Killed a merfolk
  4435 | D:4      | Reached * piety under Dithmenos
  4487 | D:4      | Reached skill level 8 in Stealth
  4493 | D:4      | Found a snail-covered altar of Cheibriados.
  4557 | D:4      | Reached XP level 9. HP: 68/69 MP: 3/18
  5336 | D:2      | Reached ** piety under Dithmenos
  5503 | D:2      | Found a faded altar of an unknown god.
  6146 | D:2      | Found an opulent altar of Gozag.
  6349 | D:5      | Entered Level 5 of the Dungeon
  6349 | D:5      | Found Iso Xefyj's Assorted Antiques.
  6349 | D:5      | Identified the cursed +2 robe of Sunof {Int+3, (Curse:
                  | *Slow)}
  6369 | D:4      | Reached *** piety under Dithmenos
  6406 | D:5      | Found Vumoj's Antique Weapon Shoppe.
  6539 | D:5      | Bought a shimmering sai {pierce} for 275 gold pieces
  6539 | D:5      | Identified the +3 sai of Wovoteps {pierce, -Vis +Inv rN++
                  | Int+4} (You bought it in a shop on level 5 of the Dungeon)
  6582 | D:5      | Reached skill level 1 in Invocations
  6666 | D:5      | Bought a scroll labeled JEYNASHOAK for 25 gold pieces
  6748 | D:5      | Found a staircase to the Lair.
  6832 | D:5      | Reached skill level 5 in Invocations
  6938 | D:5      | Found Pammuilaw's Antique Armour Shoppe.
  6941 | D:5      | Reached XP level 10. HP: 75/75 MP: 13/20
  6959 | D:5      | Noticed Grum
  6991 | D:5      | Reached skill level 1 in Evocations
  7008 | D:5      | Reached **** piety under Dithmenos
  7049 | D:5      | Killed Grum
  7547 | D:5      | Reached skill level 5 in Evocations
  7617 | D:6      | Noticed Urug
  7650 | D:6      | Noticed a two-headed ogre
  7657 | D:6      | Killed a two-headed ogre
  7657 | D:6      | Reached skill level 9 in Stealth
  7660 | D:6      | Found a portal to a secret trove of treasure.
  7667 | D:6      | Found Cuzaux's Profane Products.
  7672 | D:6      | Found a burning altar of Makhleb.
  7691 | D:6      | Noticed a five-headed hydra
  7694 | D:6      | Killed a five-headed hydra
  7694 | D:6      | Reached skill level 1 in Fighting
  7734 | D:6      | Noticed Rupert
  7735 | D:6      | Found a frozen archway.
  7753 | IceCv    | Entered an ice cave
  7795 | IceCv    | Learned a level 4 spell: Fulminant Prism
  7932 | IceCv    | Reached skill level 10 in Stealth
  7932 | IceCv    | Reached skill level 10 in Hexes
  7960 | IceCv    | Reached ***** piety under Dithmenos
  7960 | IceCv    | Reached XP level 11. HP: 81/81 MP: 22/22
  8292 | IceCv    | Found an ancient bone altar of Kikubaaqudgha.
  8758 | IceCv    | Reached skill level 11 in Stealth
  8785 | IceCv    | Upgraded the game from 0.06-728-gea43db8f7f to
                  | 0.06-731-g04f8b96216
  8939 | D:6      | Found a runed translucent gate.
  8943 | D:6      | Found a runed translucent gate.
  8945 | D:6      | Found a runed translucent gate.
  8945 | D:6      | Noticed t4s4d4r's ghost (journeyman OpDs)
  9061 | D:6      | Found a glowing golden altar of the Shining One.
  9101 | D:6      | Reached skill level 10 in Dodging
  9223 | Lair:1   | Entered Level 1 of the Lair of Beasts
  9521 | Lair:1   | Noticed a boulder beetle
  9569 | Lair:1   | Killed a boulder beetle
  9954 | Lair:1   | Noticed a boulder beetle
  9965 | Lair:1   | Killed a boulder beetle
 10547 | Lair:2   | Reached XP level 12. HP: 72/88 MP: 24/24
 10557 | Lair:2   | Identified the cursed +5 short sword "Anuaterr" {freeze,
                  | Str+2 Int+2 Dex+5, (Curse: rC-)}
 10623 | Lair:2   | Reached skill level 12 in Stealth
 10921 | Lair:2   | Gained mutation: You are covered in icy blue scales. (rC+,
                  | AC +3) [potion of mutation]
 10921 | Lair:2   | Gained mutation: You have hooves in place of feet. [potion
                  | of mutation]
 11343 | Lair:3   | Identified the cursed ring "Myfurchi" {MP+9 Dex+6, (Curse:
                  | -Vis)}
 11370 | Lair:3   | Reached skill level 10 in Short Blades
 11387 | Lair:3   | Found a staircase to the Snake Pit.
 11590 | Lair:3   | Noticed Gammafunk
 11591 | Lair:3   | Found a transporter.
 11591 | Lair:3   | Found a transporter.
 11711 | Lair:3   | Found a staircase to the Swamp.
 11979 | Lair:3   | Reached skill level 13 in Stealth
 13101 | Lair:4   | Reached XP level 13. HP: 94/94 MP: 23/26
 13185 | Lair:4   | Reached ****** piety under Dithmenos
 13607 | Lair:5   | Found a runed translucent gate.
 13607 | Lair:5   | Found a runed translucent gate.
 13608 | Lair:5   | Found a runed translucent gate.
 13648 | Lair:5   | Noticed Jeban's ghost (journeyman OpFi)
 13842 | Lair:5   | Reached skill level 14 in Stealth
 14471 | Lair:5   | Found a viscous altar of Jiyva.
 14965 | Lair:5   | Killed Jeban's ghost
 14985 | Lair:6   | Connectivity tunneler affected due_jungle_book.
 14985 | Lair:6   | Connectivity tunneler affected due_jungle_book.
 14985 | Lair:6   | Connectivity tunneler affected due_jungle_book.
 14985 | Lair:6   | Connectivity tunneler affected due_jungle_book.
 14985 | Lair:6   | Entered Level 6 of the Lair of Beasts
 15162 | Lair:5   | Learned a level 6 spell: Deflect Missiles
 15185 | Lair:6   | Reached skill level 1 in Charms
 15197 | Lair:6   | Reached skill level 1 in Air Magic
 15197 | Lair:6   | Reached XP level 14. HP: 74/100 MP: 23/28
 15277 | Lair:6   | Reached skill level 5 in Charms
 15999 | Lair:6   | Found a staircase to the Slime Pits.
 16834 | Lair:6   | Reached skill level 10 in Charms
 17071 | Lair:6   | Found the +0 pair of fencer's gloves {Riposte Dex+3}
 17396 | D:5      | Bought a blackened peridot ring for 125 gold pieces
 17396 | D:5      | Bought a murky green potion for 22 gold pieces
 17413 | D:5      | Bought an embroidered hat for 217 gold pieces
 17433 | D:5      | Bought a scroll of fear for 87 gold pieces
 17433 | D:5      | Bought a potion of curing for 75 gold pieces
 17731 | D:6      | Killed Rupert
 17759 | D:6      | Killed Urug
 17759 | D:6      | Reached skill level 1 in Armour
 17759 | D:6      | Reached skill level 5 in Air Magic
 17919 | D:6      | Learned a level 2 spell: Sublimation of Blood
 17942 | D:6      | Found a roughly hewn altar of Beogh.
 17942 | D:6      | Found a staircase to the Orcish Mines.
 17952 | D:6      | Noticed Maalik
 18033 | D:6      | Killed t4s4d4r's ghost
 18033 | D:6      | Reached skill level 15 in Stealth
 18227 | D:6      | Killed Maalik
 18327 | Orc:1    | Entered Level 1 of the Orcish Mines
 18471 | Orc:1    | Identified the cursed ring of Ufonn {rPois Int+3, (Curse:
                  | *Slow)}
 19009 | Orc:2    | Entered Level 2 of the Orcish Mines
 19022 | Orc:2    | Reached XP level 15. HP: 107/107 MP: 29/29
 19054 | Orc:2    | Found Raluirri's General Store.
 19069 | Orc:2    | Bought a scroll of teleportation for 39 gold pieces
 19069 | Orc:2    | Bought a scroll of bless item for 390 gold pieces
 19126 | Orc:2    | Reached skill level 5 in Fighting
 19203 | Orc:2    | Reached skill level 10 in Spellcasting
 19382 | Orc:2    | Identified the cursed ring of Itiziffo {rElec rPois rF-
                  | MP+9 +Vis, (Curse: Stlth-)}
 19688 | Orc:2    | Found a gate leading to a gauntlet.
 19701 | Gauntlet | Entered a Gauntlet
 19701 | Gauntlet | Found a transporter.
 19701 | Gauntlet | Found a transporter.
 19701 | Gauntlet | Found a transporter.
 19710 | Gauntlet | Found a transporter.
 19747 | Gauntlet | Identified the cursed ring "Ciuzan" {*Corrode rN+ MR+
                  | Int+2, (Curse: -Vis)}
 19750 | Gauntlet | Found a transporter.
 19760 | Gauntlet | Found a transporter.
 19766 | Gauntlet | Identified the +8 buckler "Ywee" {MR+ Dex+7}
 19767 | Gauntlet | Identified the ring of Foamnyv {Ice rN+ MR- Dex+5}
 19795 | Gauntlet | Found a transporter.
 19798 | Gauntlet | Found a transporter.
 19823 | Gauntlet | Found a transporter.
 19840 | Gauntlet | Found a transporter.
 19858 | Gauntlet | Found a transporter.
 19866 | Gauntlet | Found a transporter.
 20108 | Gauntlet | Learned a level 3 spell: Regeneration
 20112 | Gauntlet | Learned a level 3 spell: Spectral Weapon
 20331 | Gauntlet | Identified the cursed +4 arbalest of Greed {elec, +Inv rF+
                  | rC+ Dex+2 Stlth+, (Curse: *Slow)}
 20332 | Gauntlet | Identified the +1 leather armour of the Cockatrice {rN+}
 20332 | Gauntlet | Identified the +4 staff "Esui" {wizard, earth; rF+ AC+5
                  | Str+2}
 20332 | Gauntlet | Identified the +4 ring mail "Juronk" {Harm Int+4}
 20338 | Gauntlet | Identified the Catalogue of Feathery Ice
 20458 | Orc:2    | Found a staircase to the Elven Halls.
 21134 | Orc:2    | Reached skill level 16 in Stealth
 21138 | Orc:2    | Found Hoamupij's General Store.
 21138 | Orc:2    | Found Xunloxir's Armour Shoppe.
 21143 | Orc:2    | Found Urall's Assorted Antiques.
 21144 | Orc:2    | Found Fyahunec's Magic Scroll Boutique.
 21209 | Orc:2    | Bought a scroll of fear for 52 gold pieces
 21209 | Orc:2    | Bought a scroll of teleportation for 45 gold pieces
 21423 | D:7      | Found a gate to the Vaults.
 21489 | D:7      | Found Rorrerecy's Book Shoppe.
 21490 | D:7      | Identified the ring "Awuco" {MP+9 Str+5}
 21645 | D:7      | Identified the cursed ring of Jass {*Tele rElec Str-2
                  | Dex+5, (Curse: rC-)}
 21766 | D:7      | Found a stormy altar of Qazlal.
 22102 | D:7      | Noticed Louise
 22118 | D:7      | Killed Louise
 22118 | D:7      | Reached skill level 15 in Dodging
 22470 | D:8      | Entered Level 8 of the Dungeon
 22495 | D:8      | Reached XP level 16. HP: 113/113 MP: 22/31
 22504 | D:8      | Identified the cursed +5 flail of the Ancients {vamp, rPois
                  | Str+3, (Curse: rF-)}
 22711 | D:8      | Identified the cursed amulet "Ingupt" {+Rage rF+, (Curse:
                  | MR-)}
 22891 | D:8      | Noticed Circe
 22893 | D:8      | Killed Circe
 23652 | D:8      | Reached skill level 1 in Necromancy
 23674 | D:8      | Found a staircase to the Depths.
 23867 | D:8      | Reached skill level 17 in Stealth
 24167 | Swamp:1  | Entered Level 1 of the Swamp
 24255 | Snake:1  | Entered Level 1 of the Snake Pit
 24326 | Snake:1  | Noticed Agnes
 24330 | Snake:1  | Killed Agnes
 24449 | Snake:1  | Identified the +7 hatchet of the Volcano {holy, Fragile rN+
                  | Dex+3}
 24455 | Snake:1  | Reached skill level 5 in Armour
 24877 | Snake:1  | Noticed Frances
 24878 | Snake:1  | Noticed Aizul
 24879 | Snake:1  | Killed Frances
 24886 | Snake:1  | Killed Aizul
 25234 | Snake:2  | Reached XP level 17. HP: 109/119 MP: 27/33
 25458 | Snake:2  | Identified the cursed ring "Sereob Noxu" {Str+4 Stlth+,
                  | (Curse: rF-)}
 25587 | Snake:2  | Noticed Vashnia
 25630 | Snake:2  | Killed Vashnia
 25748 | Snake:2  | Reached skill level 18 in Stealth
 25967 | Snake:2  | Noticed Nikola
 26148 | Snake:2  | Killed Nikola
 26273 | Snake:2  | Identified the cursed ring of Bepolif {rCorr Str-4 Dex+4,
                  | (Curse: *Drain)}
 26608 | Snake:3  | Reached skill level 5 in Necromancy
 26764 | Snake:3  | Noticed Ciageutz's ghost (journeyman GnWz)
 26911 | Snake:3  | Found a large runed translucent door.
 27067 | Snake:3  | Gained mutation: Your spells are harder to cast, but more
                  | powerful. [potion of mutation]
 27069 | Snake:3  | Gained mutation: You heal very quickly. [potion of
                  | mutation]
 27108 | Snake:3  | Noticed Mara
 27111 | Snake:3  | Killed Mara
 27147 | Snake:3  | Reached skill level 10 in Invocations
 27285 | Snake:3  | Reached XP level 18. HP: 126/126 MP: 28/35
 27339 | Snake:3  | Found a large runed translucent door.
 27370 | Snake:3  | Killed Ciageutz's ghost
 27580 | Snake:4  | Entered Level 4 of the Snake Pit
 27790 | Snake:4  | Gained mutation: You have sharp fingernails. (+3 Unarmed)
                  | [potion of mutation]
 27797 | Snake:4  | Identified the +3 chain mail "Miosh" {-Tele rN+ Int+7}
 28004 | Snake:4  | Reached skill level 19 in Stealth
 28438 | Snake:4  | Found a glowing silver altar of Zin.
 28596 | Snake:4  | Reached skill level 15 in Short Blades
 28981 | Snake:4  | Got a serpentine rune of Zot
 29632 | Lair:3   | Reached skill level 15 in Hexes
 29731 | Swamp:1  | Gained mutation: Corrupted Charms magic prevents successful
                  | use of Charms spells. (-Charms) [miscasting Spectral
                  | Weapon]
 29734 | Swamp:1  | Lost mutation: Corrupted Charms magic prevents successful
                  | use of Charms spells. (-Charms) [miscast effect expiry]
 29917 | Swamp:1  | Identified the +1 robe "Seenoab" {rF+}
 29978 | Swamp:1  | Gained mutation: Corrupted Charms magic prevents successful
                  | use of Charms spells. (-Charms) [miscasting Deflect
                  | Missiles]
 29999 | Swamp:1  | Lost mutation: Corrupted Charms magic prevents successful
                  | use of Charms spells. (-Charms) [miscast effect expiry]
 30914 | Swamp:2  | Found a shimmering blue altar of Sif Muna.
 30954 | Swamp:2  | Reached XP level 19. HP: 132/132 MP: 36/36
 31103 | Swamp:2  | Identified a scroll of acquirement
 31544 | Swamp:3  | Reached skill level 20 in Stealth
 31636 | Swamp:3  | Learned a level 3 spell: Apportation
 31641 | Swamp:3  | Learned a level 4 spell: Passage of Golubria
 31643 | Swamp:3  | Learned a level 1 spell: Summon Butterflies
 32372 | Swamp:4  | Entered Level 4 of the Swamp
 33560 | Swamp:4  | Got a decaying rune of Zot
 34129 | Orc:2    | Bought a scroll of vulnerability for 112 gold pieces
 34129 | Orc:2    | Bought a scroll of vulnerability for 112 gold pieces
 34130 | Orc:2    | Bought a scroll of fog for 72 gold pieces
 34130 | Orc:2    | Bought a potion of agility for 144 gold pieces
 34130 | Orc:2    | Bought a wand of iceblast (12) for 144 gold pieces
 34235 | Elf:1    | Entered Level 1 of the Elven Halls
 34309 | Elf:1    | Reached skill level 1 in Translocations
 34596 | Elf:1    | Reached skill level 1 in Summonings
 35647 | Elf:2    | Reached XP level 20. HP: 129/138 MP: 23/38
 36072 | Elf:2    | Found a huge runed translucent gate.
 36072 | Elf:2    | Found a huge runed translucent gate.
 36092 | Elf:2    | Found a huge runed translucent gate.
 36103 | Elf:2    | Found a huge runed translucent gate.
 36103 | Elf:2    | Found a huge runed translucent gate.
 36974 | Elf:3    | Entered Level 3 of the Elven Halls
 37157 | Elf:3    | Identified the cursed ring "Fynkick" {rC+ rN++ MR- Int+5,
                  | (Curse: *Tele)}
 37160 | Elf:3    | Found Yro Qe Iciyn's Gadget Boutique.
 37207 | Elf:3    | Bought a wand of healing (4) for 312 gold pieces
 37207 | Elf:3    | Bought a wand of ensnaring (11) for 390 gold pieces
 37519 | Elf:3    | Reached skill level 5 in Translocations
 37521 | Elf:3    | Reached skill level 21 in Stealth
 37605 | Elf:3    | Identified the cursed amulet "Dagohep" {rF+ Regen+ Str+3,
                  | (Curse: MR-)}
 37842 | Elf:3    | Identified the cursed +6 war axe of Pain and Death {chop,
                  | Int+3, (Curse: rC-)}
 37842 | Elf:3    | Identified the cursed +5 buckler of the Tundras {rN+,
                  | (Curse: Slay-6)}
 38299 | Elf:3    | Identified the Volume of Fire
 38314 | Elf:3    | Identified the +3 buckler "Masan" {Str+3}
 38907 | Orc:2    | Bought a ration for 65 gold pieces
 38907 | Orc:2    | Bought a scroll of holy word for 97 gold pieces
 38907 | Orc:2    | Bought a scroll of immolation for 45 gold pieces
 38907 | Orc:2    | Bought a scroll of enchantment for 97 gold pieces
 38907 | Orc:2    | Bought a ration for 65 gold pieces
 38975 | D:6      | You paid a toll of 5 scrolls of fear to enter a treasure
                  | trove
 38976 | Trove    | Entered a treasure trove
 38979 | Trove    | Found the +4 robe of Augmentation {Str+4 Int+4 Dex+4}
 38981 | Trove    | Identified the cursed +7 ice dragon scales of Creativity
                  | {-Cast rPois rF- rC++ +Vis, (Curse: -Vis)}
 38981 | Trove    | Found the +4 skin of Zhor {Englaciate rC+++ +Vis}
 38981 | Trove    | Found the +3 robe of Clouds {+Thunder rCloud +Fly rElec}
 39309 | Depths:1 | Entered Level 1 of the Depths
 39309 | Depths:1 | Found a gateway to Hell.
 39634 | Depths:1 | Identified the ring "Weviduem" {Fire *Corrode rElec Dex+3
                  | Slay+4}
 40005 | Depths:1 | Identified the Compendium of the Volcanoes
 40080 | Depths:1 | Reached XP level 21. HP: 144/144 MP: 39/39
 40373 | Depths:1 | Found a runed translucent door.
 40375 | Depths:1 | Identified the +3 staff of Destruction {warp, air; rElec
                  | rC++ Slay+3 +Vis}
 40387 | Depths:1 | Found the +18 shield of the Gong {rElec rN+ MR+ EV-5}
 40790 | Depths:1 | Found a gateway to a ziggurat.
 41572 | Vaults:1 | Entered Level 1 of the Vaults
 41665 | Vaults:1 | Identified the cursed ring of the Butterfly {rElec rC+++
                  | Str+5 Dex-2 Slay-5, (Curse: MR-)}
 41909 | Vaults:1 | Found Pyuluita's Antique Armour Boutique.
 41928 | Vaults:1 | Gained mutation: You can translocate small distances at
                  | will. [potion of mutation]
 42421 | Vaults:1 | Identified the ring of Xebiwaid {rN+ MP+9 Str+2 Int-3
                  | Dex+2}
 43057 | Vaults:2 | Reached skill level 5 in Summonings
 43155 | Vaults:2 | Found a white marble altar of Elyvilon.
 43372 | Vaults:2 | Found a staircase to the Crypt.
 43609 | Vaults:2 | Reached skill level 15 in Charms
 43684 | Vaults:2 | Reached skill level 22 in Stealth
 43737 | Vaults:2 | Identified the cursed ring "Baxzaynara" {rC++ MR++ Dex-5
                  | Stlth+, (Curse: Int-2)}
 44108 | Vaults:2 | Reached XP level 22. HP: 151/151 MP: 41/41
 44671 | Vaults:3 | Identified the cursed +11 falchion "Votukh" {antimagic, rF+
                  | Int+3, (Curse: MR-)}
 44711 | Vaults:3 | Reached skill level 10 in Translocations
 44901 | Vaults:3 | Identified the ring "Lofothepea" {rF++ rC+ AC+5}
 45547 | Vaults:3 | Found a huge runed gate.
 45547 | Vaults:3 | Found a huge runed gate.
 45547 | Vaults:3 | Found a huge runed gate.
 45547 | Vaults:3 | Found a huge runed gate.
 45547 | Vaults:3 | Found a huge runed gate.
 45547 | Vaults:3 | Found a huge runed gate.
 45547 | Vaults:3 | Found a huge runed gate.
 45547 | Vaults:3 | Found a huge runed gate.
 45548 | Vaults:3 | Found a huge runed gate.
 45548 | Vaults:3 | Found a huge runed gate.
 45654 | Vaults:3 | Found a huge runed gate.
 45654 | Vaults:3 | Found a huge runed gate.
 45654 | Vaults:3 | Found a huge runed gate.
 45654 | Vaults:3 | Found a huge runed gate.
 45654 | Vaults:3 | Found a huge runed gate.
 45654 | Vaults:3 | Found a huge runed gate.
 45656 | Vaults:3 | Found a huge runed gate.
 45657 | Vaults:3 | Found a huge runed gate.
 45658 | Vaults:3 | Found a huge runed gate.
 45666 | Vaults:3 | Found a huge runed gate.
 45666 | Vaults:3 | Found a huge runed gate.
 45666 | Vaults:3 | Found a huge runed gate.
 45666 | Vaults:3 | Found a huge runed gate.
 45666 | Vaults:3 | Found a huge runed gate.
 45666 | Vaults:3 | Found a huge runed gate.
 45666 | Vaults:3 | Found a huge runed gate.
 45667 | Vaults:3 | Found a huge runed gate.
 45668 | Vaults:3 | Found a huge runed gate.
 45676 | Vaults:3 | Found a huge runed gate.
 45676 | Vaults:3 | Found a huge runed gate.
 45676 | Vaults:3 | Found a huge runed gate.
 45676 | Vaults:3 | Found a huge runed gate.
 45676 | Vaults:3 | Found a huge runed gate.
 45676 | Vaults:3 | Found a huge runed gate.
 45676 | Vaults:3 | Found a huge runed gate.
 45677 | Vaults:3 | Found a huge runed gate.
 45944 | Vaults:3 | Identified the cursed +11 buckler "Lageikhle" {*Slow Dex+9,
                  | (Curse: rF-)}
 46060 | Vaults:3 | Reached skill level 10 in Evocations
 46525 | Vaults:4 | Identified the cursed ring "Kerghoam" {Wiz Str+7 Slay-3,
                  | (Curse: *Contam)}
 46947 | Vaults:4 | Identified the cursed ring of Atheism {MP+9 Str+7 Int-5
                  | +Vis Stlth-, (Curse: rF-)}
 46949 | Vaults:4 | Identified the cursed ring "Qodo" {MP+9 Int+4, (Curse:
                  | *Corrode *Slow)}
 47466 | Vaults:4 | Identified the cursed ring "Feraor" {rN+ Str+4, (Curse:
                  | MR-)}
 47475 | Vaults:4 | Identified the cursed ring of Twilight {Int+5 Dex+5,
                  | (Curse: rF-)}
 47624 | Vaults:4 | Identified the +2 staff of Ahietrai {energy, cold; rC+ rN+
                  | Int+4}
 47812 | Vaults:4 | Identified the cursed +10 arbalest of Weweukoz {elec, rN+
                  | Int+3, (Curse: Dex-3)}
 47999 | Vaults:4 | Reached skill level 23 in Stealth
 48329 | Vaults:5 | Entered Level 5 of the Vaults
 48384 | Vaults:5 | Identified the cursed +3 leather armour of Erphos {rN+ MP-9
                  | Str+6, (Curse: *Drain)}
 48415 | Vaults:5 | Identified the +11 great sword of Otat {molten, rF+ Str+4
                  | Dex+5}
 48419 | Vaults:5 | Reached XP level 23. HP: 157/157 MP: 42/42
 48475 | Vaults:5 | Identified the ring of Fanaticism {Ice Slay+2}
 48704 | Vaults:5 | Identified the cursed ring of Jailloas {*Tele rPois rF++
                  | Int+4 Stlth+, (Curse: *Corrode)}
 48707 | Vaults:5 | Identified the cursed +10 staff of Makhleb's Hope {energy,
                  | death; rN+ Stlth+, (Curse: *Slow)}
 48714 | Vaults:5 | Identified the +8 tanto "Secag" {pierce, rElec}
 48732 | Vaults:5 | Identified the cursed +11 staff of Infinite Pain {warp,
                  | fire; rF+ rC++ Str+3 Dex-4 +Vis, (Curse: Fragile)}
 49438 | Vaults:5 | Noticed an ancient lich
 49518 | Vaults:5 | Identified the ring of Ipadd {Dex+2 Stlth+}
 49565 | Vaults:5 | Identified the +5 leather armour of Lesser Demons {Str+2
                  | Dex+4}
 49565 | Vaults:5 | Identified the ring "Cuos" {rF++ Dex-4 Slay+6 Stlth+}
 49690 | Vaults:5 | Got a silver rune of Zot
 49929 | Vaults:5 | Identified the Disquisition on the Volcanoes (You found it
                  | on level 5 of the Vaults)
 50043 | Vaults:5 | Killed an ancient lich
 50179 | Vaults:5 | Learned a level 8 spell: Discord
 50234 | Vaults:5 | Identified the cursed ring "Balour" {rF- rC+ rN+ Int+5
                  | Stlth+, (Curse: *Corrode)}
 50345 | Vaults:5 | Identified the +8 staff of Zybatsem {flay, cold; rC+ Int+5}
 50367 | Vaults:5 | Reached XP level 24. HP: 75/163 MP: 35/42
 51089 | Vaults:4 | Reached skill level 10 in Fighting
 51089 | Vaults:4 | Reached XP level 25. HP: 170/170 MP: 42/42
 51350 | Depths:1 | Acquired a wand of ensnaring (5)
 51352 | Depths:1 | Acquired the ring "Bojaott" {rF+ Int-2 Dex+2 Slay+5}
 51620 | Slime:1  | Entered Level 1 of the Pits of Slime
 51669 | Slime:3  | Reached skill level 15 in Spellcasting
 51890 | Slime:5  | Entered Level 5 of the Pits of Slime
 51990 | Slime:5  | Found a viscous altar of Jiyva.
 51992 | Slime:5  | Identified the cursed +2 robe of Existentialism {rElec MR++
                  | Str+2 Dex-2, (Curse: -Tele)}
 51992 | Slime:5  | Noticed the Royal Jelly
 52011 | Slime:5  | Killed the Royal Jelly
 52017 | Slime:5  | Got a cracked rune of Zot
 52300 | Lair:3   | Killed Gammafunk
 52643 | Depths:3 | Found a one-way gate to the infinite horrors of the Abyss.
 52658 | Depths:3 | Noticed Jory
 52673 | Depths:3 | Killed Jory
 52753 | Depths:3 | Reached skill level 24 in Stealth
 53225 | Depths:3 | Found the +2 pair of boots of the Assassin {Detection Stab+
                  | Stlth++}
 53478 | Depths:3 | Noticed Boris
 53484 | Depths:3 | Killed Boris
 53493 | Depths:3 | Found a one-way gate leading to the halls of Pandemonium.
 54033 | Depths:4 | Noticed Boris
 54058 | Depths:3 | Reached skill level 1 in Long Blades
 54235 | Depths:4 | Found a corrupted altar of Lugonu.
 54598 | Depths:4 | Killed Boris
 54757 | Depths:4 | Reached XP level 26. HP: 91/176 MP: 44/44
 55255 | Depths:5 | Entered Level 5 of the Depths
 55273 | Depths:5 | Identified the +1 quarterstaff of Demonkind {freeze, rN+
                  | Str+2 Int+3}
 55564 | Depths:5 | Identified the cursed ring "Ucon" {AC+5 Int+6 Dex+2,
                  | (Curse: rC-)}
 55816 | Depths:5 | Noticed Boris
 55849 | Depths:5 | Reached skill level 25 in Stealth
 55854 | Depths:5 | Identified the cursed ring of Foebuvvu {Dex+4 Stlth+,
                  | (Curse: *Corrode)}
 55909 | Depths:5 | Killed Boris
 56236 | Depths:5 | Found a gate to the Realm of Zot.
 57279 | Depths:2 | Noticed Asterion
 57322 | Depths:2 | Killed Asterion
 57740 | Depths:2 | Noticed Sojobo
 57742 | Depths:2 | Killed Sojobo
 58547 | Depths:1 | Learned a level 2 spell: Passwall
 58887 | Depths:1 | Learned a level 5 spell: Lee's Rapid Deconstruction
 58929 | Zig:1    | Entered Level 1 of a ziggurat
 58949 | Zig:2    | Entered Level 2 of a ziggurat
 58960 | Zig:2    | Reached skill level 5 in Long Blades
 58977 | Zig:3    | Entered Level 3 of a ziggurat
 59003 | Zig:4    | Entered Level 4 of a ziggurat
 59013 | Zig:4    | Identified the +8 eveningstar of Untruth {holy, Int+7}
 59015 | Zig:4    | Reached skill level 26 in Stealth
 59052 | Zig:5    | Entered Level 5 of a ziggurat
 59057 | Zig:5    | Found the +4 moon troll leather {Spirit, Regen++ MP+5}
 59070 | Zig:5    | Identified the cursed +6 scale mail of the Trout {+Blink
                  | rPois Str+2 Dex+3, (Curse: -Vis)}
 59259 | Zig:6    | Entered Level 6 of a ziggurat
 59266 | Zig:6    | Identified the +0 scale mail of Taxkenwy {+Fly rF+ rCorr}
 59268 | Zig:6    | Identified the +6 shortbow of Linearity {freeze, Str+2
                  | Int+5}
 59268 | Zig:6    | Noticed an ancient lich
 59282 | Zig:6    | Killed an ancient lich
 59333 | Zig:7    | Entered Level 7 of a ziggurat
 59345 | Zig:7    | Reached XP level 27. HP: 179/182 MP: 32/44
 59408 | Zig:7    | Identified the +12 mace of Okawaru's Pride {venom, Dex+3}
 59453 | Zig:8    | Entered Level 8 of a ziggurat
 59459 | Zig:8    | Identified the +3 ring mail of Understanding {Str-3 Int+5
                  | Dex+8}
 59470 | Zig:8    | Identified the ring of Gites {rC+ Str+5 Dex-2 Stlth+}
 59665 | Zig:8    | Acquired 6 rations
 59679 | Zig:9    | Entered Level 9 of a ziggurat
 59687 | Zig:9    | Identified the +4 heater shield of Pidaor {Int+4 Dex+2}
 59699 | Zig:9    | Identified the cursed ring "Xiskiv" {Wiz rElec Str+4,
                  | (Curse: *Contam)}
 59802 | Zig:10   | Entered Level 10 of a ziggurat
 59861 | Zig:10   | Identified the +2 leather armour of Love and Death {rN+}
 59873 | Zig:10   | Identified the +5 chain mail "Ytow Yge" {rN+}
 59942 | Zig:10   | Identified the Catalogue of Flames
 60006 | Depths:1 | Upgraded the game from 0.06-731-g04f8b96216 to
                  | 0.06-743-gf74c4cb60f
 60101 | Zot:1    | Entered Level 1 of the Realm of Zot
 60103 | Zot:1    | Reached skill level 10 in Long Blades
 60185 | Zot:1    | Noticed an orb of fire
 60229 | Zot:1    | Lost mutation: Your spells are harder to cast, but more
                  | powerful. [an orb of fire]
 60351 | Zot:1    | Noticed an orb of fire
 60418 | Zot:1    | Gained mutation: You are vulnerable to cold. (rC-) [an orb
                  | of fire]
 60438 | Zot:1    | Gained mutation: Your body often falls apart upon taking
                  | damage. [an orb of fire]
 60458 | Zot:1    | Identified the +6 dagger "Dragon's Tongue" {freeze, -Vis
                  | Int+5 Dex+2}
 60647 | Pan      | Entered Pandemonium
 60884 | Pan      | Found an exit through the horrors of the Abyss.
 60985 | Pan      | Noticed Maloinn the pandemonium lord
 60988 | Pan      | Killed Maloinn the pandemonium lord
 61265 | Pan      | Noticed Egott the pandemonium lord
 61308 | Pan      | Identified the ring "Kugom" {AC+5 Int+4}
 61754 | Pan      | Entered the realm of Cerebov.
 62641 | Pan      | Found the +6 sword of Cerebov {molten}
 62641 | Pan      | Noticed Cerebov
 62660 | Pan      | Identified the +1 scutum of Bytwat {+Inv rPois rF- Int+4}
 62660 | Pan      | Identified the +2 pair of gloves of Xunku {rCorr Int-5
                  | Dex+2}
 62661 | Pan      | Identified the cursed +3 heater shield "Evailur" {Slay+2,
                  | (Curse: MR-)}
 62661 | Pan      | Identified the cursed +3 quarterstaff "Utax" {venom, +Inv
                  | rElec MR+ Str+3, (Curse: rF-)}
 62675 | Pan      | Identified the +0 pair of gloves of the Moon {Str+3 Slay+2
                  | Stlth+}
 62882 | Pan      | Identified the cursed ring "Xihiewekk" {Fire Str+3, (Curse:
                  | *Tele)}
 62890 | Pan      | Identified Sif Muna's Papyrus of Fire
 62914 | Pan      | Got a fiery rune of Zot
 63058 | Pan      | Entered the realm of Gloorx Vloq.
 63058 | Pan      | Noticed Gloorx Vloq
 63068 | Pan      | Killed Gloorx Vloq
 63121 | Pan      | Got a dark rune of Zot
 63128 | Pan      | Identified the Compendium of the Volcanoes (You found it in
                  | Pandemonium)
 63410 | Pan      | Reached skill level 15 in Long Blades
 63566 | Pan      | Identified the +7 war axe "Leviticus" {freeze, rPois MR-
                  | Stlth+}
 63566 | Pan      | Noticed Septumot the pandemonium lord
 63571 | Pan      | Entered the realm of Mnoleg.
 63835 | Pan      | Noticed Mnoleg
 63838 | Pan      | Killed Mnoleg
 63851 | Pan      | Got a glowing rune of Zot
 63923 | Pan      | Learned a level 6 spell: Invisibility
 64042 | Pan      | Found the +6 sword of Cerebov {molten}
 64042 | Pan      | Noticed Cerebov
 64165 | Pan      | Noticed Paif the pandemonium lord
 64175 | Pan      | Killed Paif the pandemonium lord
 64191 | Pan      | Got a demonic rune of Zot
 64281 | Pan      | Slain by a Vetrifl

Illustrated notes

Levels and vault maps discovered:
D:1:      minmay_arrival_three_doors, layout_loops_corners,
          nicolae_ashenzari_panopticon, cheibrodos_sewer_entry_sluice
D:2:      layout_sewer, overflow_temple_1_default, grunt_gozag_breadcrumbs,
          serial_column_ruins, column_ruins_hut, column_ruins_hut,
          column_ruins_open_tiny, column_ruins_columns_straight,
          column_ruins_open_small_water, column_ruins_open_medium,
          column_ruins_corridor_corner, column_ruins_corridor_corner,
          chequers_ecumenical_altar_island
D:3:      layout_cave_pools, basic_altar, first_ration, serial_bayou,
          serial_bayou_pond_e, serial_bayou_pond_a, serial_bayou_pond_a,
          serial_bayou_shore_b
D:4:      layout_roguey, lemuel_coloured_pillars_altar, kennysheep_mini,
          minmay_temple_entry_junction_2, hangedman_fish_farm,
          minmay_mirror_moons_of_madness
D:5:      layout_cross, dpeg_oklobed_lair, serial_shops, nicolae_shop_crystal,
          shop, serial_gnoll_camp, gnoll_camp_huts_basic, gnoll_camp_mini_basic,
          gnoll_camp_mini_doghouse, gnoll_camp_mini_hut, gnoll_camp_mini_shop,
          gnoll_camp_mini_basic, uniq_grum
D:6:      layout_rooms, tso_oasis_becter, david_orc_5,
          ebering_ghost_rock_garden, enter_trove_1,
          portal_ice_cave_entry_pillars_2, enter_ossuary_2, nicolae_evil_shop,
          uniq_urug, uniq_maalik, uniq_rupert
D:7:      layout_stronghold, kennysheep_little_box, erik_vaults_1, serial_shops,
          shop, minmay_misc_feat_room, uniq_louise
D:8:      gammafunk_enter_depths_forms, layout_cave_pools,
          hangedman_abyss_or_decor_clamps, st_stairs_4, serial_bayou_pond_e,
          uniq_circe
Temple:   dshaligram_water_room_temple
Lair:1:   layout_cave_pods, serial_bayou_shore_b, infiniplex_staircase_pool
Lair:2:   wander_river, layout_gridlike, lemuel_fruit_tree
Lair:3:   layout_long_grid, swamp_mist, minmay_snake_entry_guardpost_medium,
          uniq_gammafunk_teleport
Lair:4:   layout_cave_pods, minmay_lair_oklob_chamber, serial_bayou_shore_b,
          serial_bayou_shore_b
Lair:5:   layout_cave_pods, gammafunk_ghost_ooze
Lair:6:   due_jungle_book, layout_loops_ring, nicolae_slime_entry_slimehenge,
          grunt_forest_large_clearings, grunt_megastairs_3
Swamp:1:  layout_basic_swamp, evilmike_swamp_ruin_house_2, swamp_pool4
Swamp:2:  layout_basic_swamp, lemuel_altar_in_water
Swamp:3:  layout_falls_marsh, evilmike_swamp_ruin_house_4
Swamp:4:  swamp, layout_basic_swamp
Snake:1:  hangedman_cross_veins, layout_grid_shapes, uniq_frances, uniq_aizul,
          uniq_agnes
Snake:2:  layout_gridlike, serial_bayou, serial_bayou_pond_a,
          serial_bayou_crossing, serial_bayou_shore_b, serial_bayou_pond_c,
          grunt_ministairs_11, uniq_vashnia, uniq_jorgrun, uniq_nikola
Snake:3:  layout_rooms, ebering_ghost_disaster_area, uniq_mara
Snake:4:  snake_pit, layout_gridlike, basic_altar, drop_trap
Slime:1:  layout_caves
Slime:2:  layout_caves
Slime:3:  layout_caves
Slime:4:  layout_regular_city
Slime:5
Orc:1:    layout_diamond_mine
Orc:2:    grunt_orc_tribal_feast, layout_diamond_mine, gauntlet_entry_generic,
          serial_shops, nicolae_shop_waterfront, statue_in_the_mist_lemuel
Elf:1:    elf_arrival_002, layout_gridlike, serial_co_window_serial,
          co_window_of_opportunity_a, co_window_corner_a, co_window_corner_a,
          co_window_cross_1, co_window_cross_1, co_window_of_opportunity_b,
          co_window_2corner, co_window_broadway_c, co_window_4corner_b,
          glass_columns_a, glass_columns_b, glass_columns_c, glass_columns_a,
          glass_columns_c, nicolae_elf_v_pinch, minmay_misc_feat_pillars
Elf:2:    layout_loops_cross, hangedman_elf_represent
Elf:3:    grunt_elf_hall_asides, layout_geoelf_diagonals, serial_shops,
          nicolae_shop_trees
Vaults:1: vaults_mumra_minichess_inversion, hangedman_vaults_locks,
          vaults_room_large_hall, v_misc_12, v_alt_pattern_2,
          nicolae_vaults_little_squares_1, nicolae_vaults_little_squares_6,
          vaults_room_grunt_arrival_ludios, grunt_vaults_hallway_short,
          v_misc_28, vaults_mumra_chevron, layout_vaults_omnicross,
          serial_shops, nicolae_shop_stone
Vaults:2: hangedman_vaults_hat, minmay_crypt_entry_simple_statues,
          nicolae_vaults_disjoint_gnomons, ontoclasm_vaults_pinch,
          nicolae_vaults_what_the_h, ontoclasm_vaults_twist, v_misc_13,
          ontoclasm_vaults_chip, vaults_room_door_hall,
          nicolae_vaults_murderbox, vaults_room_stairs_pillars,
          nicolae_vaults_diagonal_hallway_9, nicolae_vaults_network_square,
          layout_vaults_omnibox, basic_altar
Vaults:3: nicolae_vaults_network_periphery, vaults_standard_mumra_x, v_misc_5,
          nicolae_vaults_stairing_the_circle, grunt_vaults_bifocal,
          v_alt_pattern_2, ontoclasm_vaults_ring_large, v_misc_17,
          v_alt_pattern_5, vaults_door_vault, layout_vaults_ring
Vaults:4: v_misc_30, vaults_room_pools, grunt_vaults_diagonal, v_misc_11,
          vaults_mumra_minichess, hangedman_vaults_slice,
          hangedman_vaults_pinch, nicolae_vaults_specimen_jars,
          nicolae_vaults_yaktaur_gun_rack, layout_vaults_omnigrid
Vaults:5
Depths:1: minmay_the_grid_octo_2x2 [minmay_the_grid_octo_horde,
          minmay_the_grid_octo_toaster, minmay_the_grid_octo_empty,
          minmay_the_grid_octo_prize_big_c], layout_gridville, enter_ziggurat_c,
          hell_entry, bh_walls_and_bars, minmay_crystal_box, erik_hall
Depths:2: grunt_bent_corner, layout_basic, serial_sigils,
          serial_sigils_hangedman_scar, serial_sigils_hangedman_carve,
          serial_sigils_hangedman_snap, serial_sigils_hangedman_quiver,
          serial_sigils_hangedman_writhe, serial_sigils_hangedman_scratch,
          abyss_entry, hell_entry, kennysheep_another_room, uniq_sojobo,
          uniq_asterion
Depths:3: minmay_cut_squares, layout_cave_pools, roderic_serpentine_path,
          hell_entry, grunt_pan_entry_zigzag,
          nicolae_abyss_entry_one_way_or_another, uniq_boris, uniq_jory
Depths:4: mu_elephants_graveyard, layout_cave_pools, abyss_entry_flame_altar,
          hell_entry, ebering_dispersal_statue_hall
Depths:5: grunt_zot_entry_hairpin, layout_basic, lightli_too_deep,
          basic_stair_grate_trap, serial_bayou_shore_b
Zot:1:    layout_misc_corridors
Pan:      rand_demon_1, layout_pan_divisions_a [pan_division_quadrant_a4,
          pan_division_quadrant_a1, pan_division_quadrant_a2,
          pan_division_quadrant_a6, pan_division_octagon_empty],
          evilmike_mini_pan_thingy, layout_irregular_city,
          nicolae_pan_gloorx_vloqian_4, evilmike_mini_pan_thingy,
          layout_small_grid, evilmike_mini_pan_doors_b, layout_gridville,
          evilmike_cerebov_lava, layout_chambers, pan_blood_fountain,
          pan_blood_fountain_small, evilmike_mini_pan_branches,
          layout_onion_city, nicolae_pan_sigil_nadil, gloorx_vloq_st,
          layout_rooms, lemuel_hellion_island, layout_stronghold,
          nicolae_pan_mnolegish_4, mnoleg, layout_irregular_city,
          nicolae_pan_sigil_eeng, evilmike_mini_pan_pillars_b, layout_chambers,
          nicolae_pan_mnolegish_3, rand_demon_2, layout_gridlike, uniq_cerebov,
          evilmike_mini_pan_diamond, layout_pan_divisions_a
          [pan_division_quadrant_a4, pan_division_quadrant_a2,
          pan_division_quadrant_a1, pan_division_quadrant_a6,
          pan_division_octagon_halves], rand_demon_6, layout_rooms,
          pan_blood_fountain_small

Skill      XL: |  1  2  3  4  5  6  7  8  9 10 11 12 13 14 15 16 17 18 19 20 21 22 23 24 25 26 27 |
---------------+----------------------------------------------------------------------------------+-----
Hexes          | 4 5 6 7 8 9 10 11 12 13 14 15 16 20 21 | 21.7
Short Blades   | 2 3 4 5 6 7 8 9 10 11 12 13 14 15 16 17 18 19 | 19.7
Spellcasting   | 3 4 5 6 7 8 9 10 11 12 13 14 16 | 16.9
Stealth        | 5 6 7 8 10 11 13 14 15 16 17 18 19 20 21 22 23 24 26 | 26.2
Dodging        | 4 5 6 7 9 10 12 13 15 16 17 18 19 20 21 23 | 23.4
Invocations    | 5 6 7 8 9 10 11 12 | 12.5
Evocations     | 6 7 8 9 10 | 10.7
Fighting       | 1 2 3 4 5 6 7 8 9 10 11 12 | 12.0
Charms         | 2 10 11 12 14 15 | 15.0
Air Magic      | 1 5 |  5.0
Armour         | 1 4 5 6 7 8 |  8.8
Necromancy     | 3 5 6 7 |  7.5
Translocations | 3 7 9 10 | 10.0
Summonings     | 1 3 5 |  5.0
Long Blades    | 2 5 16 | 16.3

Action                   |  1- 3 |  4- 6 |  7- 9 | 10-12 | 13-15 | 16-18 | 19-21 | 22-24 | 25-27 || total
-------------------------+-------+-------+-------+-------+-------+-------+-------+-------+-------++-------
Melee: Dagger            |    67 |   121 |   216 |       |    24 |       |       |       |       ||   428
       Unarmed           |    15 |       |       |       |     2 |       |    27 |       |       ||    44
       Short sword       |    37 |    65 |   414 |   311 |   822 |   292 |       |       |       ||  1941
       Sai               |       |    34 |   249 |   437 |   810 |   423 |   681 |   316 |  1128 ||  4078
       Headbutt          |       |     3 |   121 |    74 |   218 |   127 |   288 |   239 |   589 ||  1659
       Cleaver           |       |       |     8 |       |       |       |       |       |       ||     8
       Kick              |       |       |       |    14 |   328 |   212 |   455 |   377 |   862 ||  2248
       Rapier            |       |       |       |       |       |   393 |  1075 |   672 |  1688 ||  3828
       Demon blade       |       |       |       |       |       |       |     8 |    39 |   194 ||   241
       Tanto             |       |       |       |       |       |       |       |   113 |       ||   113
Throw: Stone             |       |     2 |     8 |       |       |       |     7 |     1 |       ||    18
       Bone              |       |     2 |     3 |       |     1 |     5 |       |       |       ||    11
       Rusty metal       |       |     1 |     2 |       |       |     4 |     1 |       |     2 ||    10
       Skull             |       |       |     3 |       |     2 |     1 |     5 |       |       ||    11
       Clump of mud      |       |       |       |       |       |     5 |       |       |       ||     5
       Gnarled root      |       |       |       |       |       |     1 |     1 |       |       ||     2
       Weird clump       |       |       |       |       |       |       |       |       |     3 ||     3
 Cast: Confuse           |    10 |    50 |   160 |   166 |   351 |   345 |   233 |   125 |   169 ||  1609
       Magic Candle      |     2 |       |       |       |       |       |       |       |       ||     2
       Fulminant Prism   |       |       |       |    12 |     9 |    16 |     3 |       |     7 ||    47
       Tukima's Dance    |       |       |       |       |     5 |    11 |     5 |     2 |     9 ||    32
       Regeneration      |       |       |       |       |     6 |    81 |    92 |    82 |   193 ||   454
       Spectral Weapon   |       |       |       |       |     6 |    21 |    50 |    31 |    81 ||   189
       Deflect Missiles  |       |       |       |       |     1 |     4 |     2 |     1 |     6 ||    14
       Sublimation of Bl |       |       |       |       |       |    20 |    10 |    14 |    17 ||    61
       Summon Butterflie |       |       |       |       |       |       |    26 |       |     5 ||    31
       Passage of Golubr |       |       |       |       |       |       |     2 |       |       ||     2
       Discord           |       |       |       |       |       |       |       |       |    14 ||    14
       Passwall          |       |       |       |       |       |       |       |       |     2 ||     2
       Lee's Rapid Decon |       |       |       |       |       |       |       |       |     1 ||     1
       Apportation       |       |       |       |       |       |       |       |       |     8 ||     8
Invok: Shadow Form       |       |       |       |     1 |     3 |     1 |     3 |     6 |     7 ||    21
       Shadow Step       |       |       |       |       |       |     7 |     2 |       |     8 ||    17
 Abil: Evoke Invisibilit |       |       |       |     3 |    19 |     2 |    11 |     4 |     2 ||    41
       Evoke Thunderclou |       |       |       |       |       |       |     1 |       |       ||     1
       Blink             |       |       |       |       |       |       |       |     1 |    12 ||    13
Evoke: Wand              |       |       |       |       |       |     1 |     1 |     1 |    50 ||    53
       Box of beasts     |       |       |       |       |       |       |       |     1 |       ||     1
  Use: Potion            |       |     1 |       |     2 |     1 |     3 |     1 |     4 |    13 ||    25
       Scroll            |       |       |     1 |     5 |     3 |     3 |     5 |     1 |    28 ||    46
 Stab: Confused          |     4 |    29 |    87 |   110 |   218 |   210 |   126 |    68 |   103 ||   955
       Sleeping          |     6 |     4 |    11 |    53 |    63 |   111 |   157 |    92 |   170 ||   667
       Distracted        |       |       |     4 |     2 |    10 |    22 |    69 |    38 |   101 ||   246
       Invisible         |       |       |       |    20 |   143 |    27 |    63 |    31 |    33 ||   317
       Petrifying        |       |       |       |       |     3 |       |       |       |     2 ||     5
       Held in net/web   |       |       |       |       |       |     2 |       |       |     6 ||     8
  Eat: Ration            |       |     2 |     9 |     5 |     9 |     8 |    11 |     6 |    18 ||    68
Armor: Robe              |    10 |     4 |    22 |       |       |       |    23 |   122 |   223 ||   404
       Troll leather     |       |       |    44 |    30 |    77 |    51 |    76 |       |    47 ||   325
Dodge: Dodged            |    40 |    53 |   401 |   248 |   664 |   461 |   678 |   587 |  1259 ||  4391
       Deflected         |       |       |       |       |       |    13 |    22 |     8 |    39 ||    82
Block: Sai               |       |       |     6 |    10 |    53 |    54 |    68 |    35 |   139 ||   365
       Rpst.: Demon blade |       |       |       |       |       |       |     1 |    10 |    52 ||    63
